AoeStats
← vortic

Arabia

507887418Analyzed
1v1 RM · 11d ago on Sep 20, 2026· 70m 18s· 2 players
Game mode
Random Map
Map size
Tiny (2 player)
Population
200
Speed
Normal
Resources
Standard
Victory
Conquest
Starting age
Dark Age
Ending age
Imperial Age
RankedLock teamsTeams togetherTeam positionsShared explorationLock speedFull tech treeHidden civsTurbo modeCheats
Victory
Defeat
🇧🇷 Portuguese · Brazil
435
+20
🇺🇸 Britons · United States
516
-20
vortic
0:33 Loom
10:44 Feudal Age
11:10 Double-Bit Axe
11:07 Horse Collar
13:38 Gold Mining
15:20 Stone Mining
23:27 Wheelbarrow
27:05 Castle Age
25:23 Bloodlines
26:12 Scale Barding Armor
26:20 Forging
27:07 Arson
28:31 Stone Shaft Mining
28:08 Bow Saw
28:09 Heavy Plow
31:01 Light Cavalry
31:42 Husbandry
32:47 Pikeman
33:13 Gambesons
38:41 Ballistics
41:55 Imperial Age
40:51 Iron Casting
41:45 Pikeman
44:10 Chain Barding Armor
45:27 Hand Cart
46:58 Two-Man Saw
46:17 Capped Ram
46:20 Halberdier
46:23 Cavalier
47:54 Thumb Ring
48:55 Circumnavigation
49:46 Treadmill Crane
54:50 Man-at-Arms
56:19 Long Swordsman
58:29 Two-Handed Swordsman
61:12 Champion
62:51 Crop Rotation
62:58 Conscription
63:54 Chemistry
65:28 Sappers
lexi.r.d
10:03 Feudal Age
22:52 Padded Archer Armor
22:42 Fletching
22:59 Scale Barding Armor
23:55 Double-Bit Axe
28:11 Castle Age
36:22 Bow Saw
36:18 Bodkin Arrow
36:38 Leather Archer Armor
41:38 Ballistics
44:29 Imperial Age
45:09 Squires
44:31 Pikeman
44:45 Elite Skirmisher
46:25 Ring Archer Armor
45:56 Bracer
45:51 Light Cavalry
47:13 Elite Longbowman
49:05 Forging
48:56 Scale Mail Armor
49:59 Yeomen
53:16 Halberdier
56:38 Iron Casting
56:19 Chain Mail Armor
56:13 Murder Holes
58:58 Chemistry
Connection lost

Rejoining the realm…

Still unreachable

The connection could not be restored.

Session expired

The server has moved on; the page needs a fresh start.